 Dungeon Crawl Stone Soup version 0.30-a0-918-g0ff054e9dc (webtiles) character file.

Game seed: 16817608471580125379

2607 Demosthentine the Trooper (level 9, 0/63 HPs)
             Began as a Demonspawn Gladiator on Mar 20, 2023.
             Was a Believer of Hepliaklqana.
             Slain by a yak (7 damage)
             ... on level 7 of the Dungeon.
             The game lasted 00:09:21 (5647 turns).

Demosthentine the Trooper (Demonspawn Gladiator)    Turns: 5647, Time: 00:09:22

Health: 0/63       AC: 10    Str: 23    XL:     9   Next: 33%
Magic:  9/9        EV: 15    Int:  9    God:    Hepliaklqana [**....]
Gold:   416        SH:  0    Dex: 17    Spells: 8/8 levels left

rFire   . . .      SeeInvis .    a - +1 trident (flame)
rCold   . . .      Faith    .    i - orb {light}
rNeg    . . .      Spirit   .    b - +0 leather armour
rPois   .          Reflect  .    c - +0 helmet
rElec   .          Rampage  .    s - +2 cloak
rCorr   .                        (no gloves)
Will    +....                    (no boots)
Stlth   +                        (no amulet)
HPRegen 0.30/turn                o - ring of willpower
MPRegen 0.11/turn                t - +6 ring of strength

@: about to teleport, glowing
A: reduced essence, hooves 1, sharp scales 2, demonic magic 2
a: Renounce Religion, Recall Ancestor, Ancestor Identity


You were on level 7 of the Dungeon.
You worshipped Hepliaklqana.
Hepliaklqana was pleased with you.
You visited 2 branches of the dungeon, and saw 8 of its levels.
You also visited: Sewer.

You collected 416 gold pieces.

Inventory:

Hand Weapons
 a - a +1 trident of flaming (weapon)
Missiles
 d - 2 throwing nets (quivered)
 e - 7 javelins
Armour
 b - a +0 leather armour (worn)
 c - a +0 helmet (worn)
 i - an orb of light (worn)
 s - a +2 cloak (worn)
Jewellery
 m - a ring of magical power
 o - a ring of willpower (left hand)
 t - a +6 ring of strength (right hand)
 w - a ring of wizardry
Wands
 r - a wand of flame (18)
Scrolls
 g - a scroll of silence
 k - 2 scrolls of fog
 l - a scroll of identify
 q - a scroll of magic mapping
 x - a scroll of teleportation
Potions
 f - a potion of brilliance
 h - 2 potions of flight
 j - 5 potions of heal wounds
 n - a potion of curing
 p - a potion of mutation
 u - a potion of lignification
 v - 3 potions of magic {unknown}


   Skills:
 + Level 6.7 Fighting
 + Level 6.4 Polearms
 - Level 1.7 Throwing
 + Level 5.6 Armour
 + Level 6.4 Dodging


You had 8 spell levels left.
You didn't know any spells.
Your spell library contained the following spells:

 Spells                   Type           Power      Damage    Failure   Level
 Apportation              Tloc           0%         N/A       41%         1
 Foxfire                  Conj/Fire      0%         2x1d4     41%         1
 Necrotise                Necr           0%         1d4       41%         1
 Summon Small Mammal      Summ           0%         N/A       41%         1
 Cigotuvi's Dreadful Rot  Necr/Pois/Air  0%         N/A       56%         2
 Ensorcelled Hibernation  Hex/Ice        0%         N/A       56%         2
 Poisonous Vapours        Pois/Air       0%         N/A       56%         2
 Gell's Gravitas          Tloc           0%         N/A       80%         3
 Ignite Poison            Fire/Tmut/Pois 0%         N/A       80%         3
 Mephitic Cloud           Conj/Pois/Air  0%         N/A       80%         3
 Spider Form              Tmut/Pois      0%         N/A       80%         3
 Teleport Other           Tloc           0%         N/A       80%         3
 Vampiric Draining        Necr           0%         2d6       80%         3
 Anguish                  Hex/Necr       0%         N/A       99%         4
 Sticky Flame             Conj/Fire      0%         2d3       99%         4
 Agony                    Necr           0%         N/A       100%        5
 Fireball                 Conj/Fire      0%         3d3       100%        5
 Dispersal                Tloc           0%         N/A       100%        6
 Starburst                Conj/Fire      0%         6d3       100%        6
 Ignition                 Fire           0%         3d3       100%        8


Dungeon Overview and Level Annotations

Branches:
Dungeon (7/15)             Temple (1/1) D:4           Sewer (visited)

Altars:
Fedhas
Gozag
Hepliaklqana
Makhleb
Nemelex Xobeh
Okawaru
Qazlal
Ru
Sif Muna
Trog
Vehumet
Wu Jian
Xom
Yredelemnul
Lugonu

Shops:
D:2 (

Annotations:
D:7 1 runed translucent door, Crazy Yiuf


Innate Abilities, Weirdness & Mutations

Your life essence is reduced to manifest your ancestor. (-10% HP)
You have large cloven feet.
You are mostly covered in razor-sharp scales. (AC +2, Slay +2)
Spells you cast may paralyse nearby enemies.


Message History

The wraith is moderately damaged.
The yak misses you.
Agathocles barely misses the wraith.
The wraith completely misses you.
Agathocles hits the wraith with a +0 dagger of draining.
The wraith hits Agathocles.
Agathocles hits the wraith but does no damage. x2
The yak gores you!
* * * LOW HITPOINT WARNING * * *
The wraith hits Agathocles but does no damage.
Agathocles closely misses the wraith.
Agathocles hits the wraith but does no damage.
Agathocles hits the wraith with a +0 dagger of draining!
The gargoyle hurls a stone arrow at you.
The stone arrow hits Agathocles!
Agathocles hits the gargoyle with a +0 dagger of draining.
A cyclops comes into view.
The yak attacks as you move away! The yak barely misses you.
The cyclops shouts!
Agathocles barely misses the gargoyle.
Agathocles casts a spell at the gargoyle.
The gargoyle easily resists.
The yak gores you but does no damage. The wraith attacks as you move away!
The wraith hits you!
* * * LOW HITPOINT WARNING * * *
You feel yourself speed up.
Agathocles hits the gargoyle but does no damage.
Agathocles barely misses the gargoyle.
The wraith attacks as you move away! The wraith closely misses you.
Okay, then.
As you read the scroll of teleportation, it crumbles to dust.
You feel strangely unstable.
You are no longer corroded.
The yak barely misses you. The wraith barely misses you.
Press: ? - help, v - describe, . - travel The floor.
This square is lit by a halo.
Unknown command.
Okay, then.
Okay, then.
The yak attacks as you move away! The yak gores you!
You die...

..+............#.#.#..#+#...#....
..#..............#.÷......##....#
...............R#.#.##..........+
.............#..#.#..#..........#
......#......#.##.##.##.....#....
..........#÷...#...#..#..#.......
..........#...##...##.#..........
...........<..#.....#............
.#####....##.##.@...##.#.........
.# #....#..#†9YW...#..R..##....
.## #....#.##.RW....##.#####....
..# #..##..#...l.....#.[######..
..# #.#...##.........##...####..
..####...#####..9#########...##..
####...### #}!.#.# ###....#
##...### #[?.#T# .###... ...###
#?..#.# ...###.


You could see the friendly Agathocles the hexer, a komodo dragon, a yak, a
troll, 2 wraiths and 2 gargoyles.

Vanquished Creatures
  A manticore (D:7)
  Grinder (D:3)
  A slime creature (D:7)
  Sigmund (D:5)
  Eustachio (D:5)
  An acid dragon (D:7)
  2 water moccasins
  A sky beast (D:6)
  An ice beast (D:6)
  A phantom (D:6)
  The ghost of Nabski the Firebug, an amateur TeFE (D:4)
  A wyvern zombie (D:4)
  A bullfrog (D:7)
  A centaur zombie (D:4)
  3 hounds
  2 orc priests
  4 jellies
  3 iguanas
  A sleepcap (D:6)
  4 orc wizards
  5 adders
  A shadow imp (D:4)
  2 ufetubi
  5 worms
  5 dart slugs
  22 orcs
  11 bats
  3 endoplasms
  2 giant cockroaches
  3 goblins
  8 hobgoblins
  2 jackals (D:1)
  4 quokkas
  7 ball pythons
  5 frilled lizards
  7 kobolds
  7 rats
131 creatures vanquished.

Vanquished Creatures (collateral kills)
  A sky beast (D:7)
  An iguana (D:7)
2 creatures vanquished.

Vanquished Creatures (others)
  2 plants (D:3)
2 creatures vanquished.

Grand Total: 135 creatures vanquished

Notes
Turn   | Place    | Note
-------+----------+-------------------------------------------
     0 | D:1      | Demosthentine the Demonspawn Gladiator began the quest for
                  | the Orb.
     0 | D:1      | Reached XP level 1. HP: 16/16 MP: 1/1
   159 | D:1      | Gained mutation: You are partially covered in razor-sharp
                  | scales. (AC +1, Slay +1) [demonic ancestry]
   159 | D:1      | Reached XP level 2. HP: 22/22 MP: 2/2
   647 | D:1      | Reached skill level 1 in Armour
   647 | D:1      | Gained mutation: Spells you cast may paralyse adjacent
                  | enemies. [demonic ancestry]
   647 | D:1      | Reached XP level 3. HP: 22/28 MP: 3/3
  1422 | D:2      | Gained mutation: You are mostly covered in razor-sharp
                  | scales. (AC +2, Slay +2) [demonic ancestry]
  1422 | D:2      | Reached XP level 4. HP: 34/34 MP: 4/4
  1569 | D:2      | Found Goilis's Antique Weapon Shop.
  2115 | D:3      | Noticed Grinder
  2125 | D:3      | Paralysed by Grinder for 4 turns
  2156 | D:3      | Killed Grinder
  2157 | D:3      | Reached XP level 5. HP: 41/41 MP: 5/5
  2157 | D:3      | Gained mutation: You have large cloven feet. [demonic
                  | ancestry]
  2157 | D:3      | Reached XP level 6. HP: 47/47 MP: 6/6
  2337 | D:3      | Found a glowing drain.
  2342 | Sewer    | Entered a sewer
  2369 | Sewer    | Noticed a water moccasin
  2377 | Sewer    | Killed a water moccasin
  2493 | D:3      | Found an ornate altar of the Wu Jian Council.
  2624 | D:3      | Found a faded altar of an unknown god.
  2901 | D:4      | Found a hazy altar of Hepliaklqana.
  2902 | D:4      | Found a shimmering altar of Xom.
  2903 | D:4      | Noticed an ice beast
  2903 | D:4      | Noticed a spectral ugly thing
  2906 | D:4      | Became a worshipper of Hepliaklqana the Forgotten
  3114 | D:4      | Found a shimmering blue altar of Sif Muna.
  3114 | D:4      | Found a burning altar of Makhleb.
  3120 | D:4      | Reached XP level 7. HP: 53/54 MP: 7/7
  3178 | D:4      | Noticed Nabski's ghost (amateur TeFE)
  3179 | D:4      | Found a transporter.
  3184 | D:4      | Found a transporter.
  3425 | D:4      | Found a staircase to the Ecumenical Temple.
  3433 | Temple   | Entered the Ecumenical Temple
  3568 | D:4      | Killed Nabski's ghost
  3617 | D:5      | Entered Level 5 of the Dungeon
  3680 | D:5      | Found a basalt altar of Yredelemnul.
  3708 | D:5      | Noticed a moth of wrath
  3711 | D:5      | Found a bloodstained altar of Trog.
  3759 | D:5      | Noticed Eustachio
  3772 | D:5      | Killed Eustachio
  3937 | D:5      | Reached skill level 5 in Fighting
  3937 | D:5      | Reached skill level 5 in Polearms
  3937 | D:5      | Reached skill level 5 in Dodging
  3937 | D:5      | Gained mutation: Spells you cast may paralyse nearby
                  | enemies. [demonic ancestry]
  3937 | D:5      | Reached XP level 8. HP: 50/62 MP: 8/8
  4082 | D:5      | Noticed Sigmund
  4090 | D:5      | Killed Sigmund
  4294 | D:5      | Reached * piety under Hepliaklqana
  5170 | D:7      | Reached skill level 5 in Armour
  5337 | D:7      | Reached ** piety under Hepliaklqana
  5338 | D:7      | Remembered your ancestor Agathocles as a hexer
  5519 | D:7      | Identified the +2 falchion of Res Nullius {drain, Will+}
  5527 | D:7      | Found a runed translucent door.
  5528 | D:7      | Noticed Crazy Yiuf
  5578 | D:7      | Noticed a slime creature
  5580 | D:7      | Noticed a manticore
  5584 | D:7      | Killed a slime creature
  5585 | D:7      | Reached XP level 9. HP: 62/62 MP: 9/9
  5592 | D:7      | Killed a manticore
  5632 | D:7      | Noticed a gargoyle
  5633 | D:7      | Noticed a troll
  5633 | D:7      | Noticed a komodo dragon
  5634 | D:7      | Noticed a gargoyle
  5642 | D:7      | Noticed a cyclops
  5647 | D:7      | Slain by a yak

Illustrated notes

Levels and vault maps discovered:
D:1:      minmay_arrival_wavy_path, layout_loops_ring
D:2:      layout_basic, serial_shops, nicolae_square_shop
D:3:      cheibrodos_old_hovel, layout_basic, lemuel_doored_altar,
          shapermc_ecumenical_altar_petra, portal_sewer_entry_e, uniq_grinder
D:4:      layout_rooms, regret_index_temple_of_mockery,
          mainiacjoe_overflow_catwalk_spiral, minmay_temple_entry_nine_rooms,
          gammafunk_ghost_mausoleum, dk_noncrumbling_2, minmay_liquid_box,
          kennysheep_generic_room_3
D:5:      layout_loops_cross, tgw_trog,
          mainiacjoe_overflow_concentric_impassable, uniq_eustachio,
          uniq_sigmund
D:6:      layout_gridville, minmay_misc_feat_more_columns
D:7:      minmay_the_grid_four_pointed_star
          [minmay_the_grid_triangle_9x9_impossible_snake,
          minmay_the_grid_triangle_9x9_descending_squares,
          minmay_the_grid_triangle_9x9_empty,
          minmay_the_grid_triangle_9x9_empty,
          minmay_the_grid_prize_four_corners], layout_basic,
          nicolae_uskayaw_suspiria, lemuel_mausoleum_altar_kikubaaqudgha,
          chequers_mini_garden, uniq_crazy_yiuf_cottage
Temple:   corrupted_temple

Skill      XL: |  1  2  3  4  5  6  7  8 |
---------------+-------------------------+-----
Polearms       | 3 4 5 6 |  6.4
Dodging        | 3 4 5 6 |  6.4
Armour         | 1 2 3 4 5 |  5.6
Fighting       | 3 4 5 6 |  6.7
Throwing       | |  1.7

Action                     |  1- 3 |  4- 6 |  7- 9 || total
---------------------------+-------+-------+-------++-------
  Melee: Trident           |   131 |   114 |   147 ||   392
         Punch             |     1 |     1 |       ||     2
         Kick              |       |    10 |    30 ||    40
  Throw: Throwing net      |       |     1 |       ||     1
 Invoke: Recall Ancestor   |       |       |     1 ||     1
         Ancestor Life: He |       |       |     1 ||     1
    Use: Potion            |     4 |     1 |     2 ||     7
         Scroll            |     2 |     7 |     7 ||    16
   Stab: Sleeping          |     3 |     1 |       ||     4
         Distracted        |     1 |       |     1 ||     2
         Confused          |       |       |     1 ||     1
 Armour: Leather armour    |    33 |    32 |    32 ||    97
  Dodge: Dodged            |    91 |    49 |    68 ||   208

Table legend: (Time is in decaauts)
 A = Elapsed time spent in this place.
 B = Non-inter-level travel time spent in this place.
 C = Inter-level travel time spent in this place.
 D = Time resting spent in this place.
 E = Time spent auto-exploring this place.
 F = Levels seen in this place.
 G = Mean time per level.
                   A        B        C        D        E       F      G
               +--------+--------+--------+--------+--------+-----+--------+
         Total |   5693 |   5593 |    100 |    190 |   4223 |   9 |  632.6 |
       Dungeon |   5550 |   5450 |    100 |    190 |   4142 |   7 |  792.9 |
        Temple |     56 |     56 |      0 |      0 |     36 |   1 |   56.0 |
         Sewer |     85 |     85 |      0 |      0 |     45 |   1 |   85.0 |
               +--------+--------+--------+--------+--------+-----+--------+

Top non-repeatable levels by time:
     D:1: 1038 daAuts
     D:2: 997 daAuts
     D:5: 773 daAuts
     D:4: 768 daAuts
     D:6: 753 daAuts
     D:3: 710 daAuts
     D:7: 508 daAuts
   Sewer: 85 daAuts
  Temple: 56 daAuts
